3AAA
MILTON BILLS @ WARWICK HUNCHBACKS
05/14/2018
 
TOP OF THE 1ST
Milton Bills batting - Pitching for Warwick Hunchbacks : RHP Doruk Oyan
Pitching: RHP Doruk Oyan
Batting: LHB Lance Schiffer 0-0: SINGLE (Groundball, 34D)
Batting: RHB Alden Wiley 0-0: Foul Ball, location: 2F
0-1: Ball
1-1: Ball
2-1: Swinging Strike
2-2: SINGLE (Line Drive, 7LS)
Lance Schiffer to second
Batting: LHB David Hunt 0-0: SINGLE (Line Drive, 8LS)
Lance Schiffer to third
Alden Wiley to second
Batting: RHB Shane Franklin 0-0: Ball
1-0: Called Strike
1-1: Foul Ball, location: 2F
1-2: Strikes out looking
Batting: LHB Johnny Hernández 0-0: GRAND SLAM HOME RUN (Line Drive, 9LD), Distance : 353 ft
Batting: SHB Al Anderson 0-0: Ball
1-0: SINGLE (Line Drive, 89S)
Batting: RHB Luis Silva 0-0: Called Strike
0-1: Ball
1-1: Fly out, F9 (Flyball, 89D)
Batting: RHB Steve McLeod 0-0: Ball
1-0: Ball
2-0: Fly out, F8 (Flyball, 8RXD)
Top of the 1st over - 4 run(s), 5 hit(s), 0 error(s), 1 left on base; Milton 4 - Warwick 0
BOTTOM OF THE 1ST
Warwick Hunchbacks batting - Pitching for Milton Bills : RHP Louis McDowell
Pitching: RHP Louis McDowell
Batting: RHB John Huff 0-0: SINGLE (Groundball, 4MD)
Batting: LHB Dave Harris 0-0: Ball
1-0: Foul Ball, location: 2F
1-1: Foul Ball, location: 2F
1-2: Ball
2-2: Foul Ball, location: 2F
2-2: Strikes out looking
Batting: RHB Cliff Dixon 0-0: Called Strike
John Huff steals 2nd base
0-1: Swinging Strike
0-2: Ball
1-2: Ball
2-2: Foul Ball, location: 2F
2-2: Strikes out looking
Batting: RHB Steve Brewer 0-0: Foul Ball, location: 2F
0-1: Foul Ball, location: 2F
0-2: Ball
1-2: Ball
2-2: Foul Ball, location: 2F
2-2: Foul Ball, location: 2F
2-2: Strikes out looking
Bottom of the 1st over - 0 run(s), 1 hit(s), 0 error(s), 1 left on base; Milton 4 - Warwick 0
TOP OF THE 2ND
Milton Bills batting - Pitching for Warwick Hunchbacks : RHP Doruk Oyan
Batting: RHB Roberto Andrade 0-0: Ball
1-0: Ball
2-0: Called Strike
2-1: Foul Ball, location: 2F
2-2: Ball
3-2: Fly out, F3 (Line Drive, 3L)
Batting: LHB Lance Schiffer 0-0: Called Strike
0-1: Called Strike
0-2: Fly out, F4 (Popup, 34D)
Batting: RHB Alden Wiley 0-0: Foul Ball, location: 2F
0-1: Ball
1-1: Foul Ball, location: 2F
1-2: Ball
2-2: Ball
3-2: Ground out 4-3 (Groundball, 4)
Top of the 2nd over - 0 run(s), 0 hit(s), 0 error(s), 0 left on base; Milton 4 - Warwick 0
BOTTOM OF THE 2ND
Warwick Hunchbacks batting - Pitching for Milton Bills : RHP Louis McDowell
Batting: RHB Jim Browning 0-0: Ball
1-0: Ball
2-0: Called Strike
2-1: Ball
3-1: Fly out, F7 (Flyball, 7LMF)
Batting: LHB Ted Cracknell 0-0: Ball
1-0: DOUBLE (Flyball, 78XD)
Batting: LHB Luis Robles 0-0: Ball
1-0: Called Strike
1-1: Ball
2-1: Ball
3-1: Base on Balls
Batting: RHB Julián Rocha 0-0: Foul Ball, location: 2F
0-1: Ball
1-1: Ball
2-1: Foul Ball, location: 2F
2-2: TRIPLE (Line Drive, 8RXD)
Ted Cracknell scores
Luis Robles scores
Batting: RHB Octávio Castaneda 0-0: Ball
1-0: Ball
2-0: Ball
3-0: Base on Balls
Batting: RHB John Huff 0-0: Called Strike
0-1: Called Strike
0-2: Foul Ball, location: 2F
0-2: Ball
1-2: Fly out, F6 (Popup, 6)
Batting: LHB Dave Harris 0-0: Ball
1-0: Ground out 1-3 (Groundball, 13S)
Bottom of the 2nd over - 2 run(s), 2 hit(s), 0 error(s), 2 left on base; Milton 4 - Warwick 2
TOP OF THE 3RD
Milton Bills batting - Pitching for Warwick Hunchbacks : RHP Doruk Oyan
Batting: LHB David Hunt 0-0: Called Strike
0-1: Foul Ball, location: 2F
0-2: Foul Ball, location: 2F
0-2: Ball
1-2: Ball
2-2: Ball
3-2: Ground out 4-3 (Groundball, 34)
Batting: RHB Shane Franklin 0-0: Ball
1-0: Called Strike
1-1: Swinging Strike
1-2: Ball
2-2: Foul Ball, location: 2F
2-2: SOLO HOME RUN (Flyball, 78XD), Distance : 417 ft
Pitching: RHP Lou Armstrong
Batting: LHB Johnny Hernández 0-0: Called Strike
0-1: Ball
1-1: DOUBLE (Line Drive, 9LS)
Batting: SHB Al Anderson 0-0: Ball
1-0: Ball
2-0: Ball
3-0: Base on Balls
Batting: RHB Luis Silva 0-0: Called Strike
0-1: Ball
1-1: Foul Ball, location: 2F
1-2: Strikes out swinging
Batting: RHB Steve McLeod 0-0: Called Strike
0-1: Ball
1-1: Foul Ball, location: 2F
1-2: SINGLE (Groundball, 6)
Johnny Hernández to third
Al Anderson to second
Runner from 3rd tries for Home, SAFE, no throw or cutoff
Batting: RHB Roberto Andrade 0-0: Called Strike
0-1: Foul Ball, location: 2F
0-2: Strikes out swinging
Top of the 3rd over - 2 run(s), 3 hit(s), 0 error(s), 2 left on base; Milton 6 - Warwick 2
BOTTOM OF THE 3RD
Warwick Hunchbacks batting - Pitching for Milton Bills : RHP Louis McDowell
Batting: RHB Cliff Dixon 0-0: Ball
1-0: Ball
2-0: Called Strike
2-1: Foul Ball, location: 2F
2-2: Foul Ball, location: 2F
2-2: Ball
3-2: Strikes out swinging
Batting: RHB Steve Brewer 0-0: Called Strike
0-1: Ball
1-1: Foul Ball, location: 2F
1-2: Foul Ball, location: 2F
1-2: SINGLE (Line Drive, 4D)
Batting: RHB Jim Browning 0-0: Called Strike
0-1: Swinging Strike
0-2: Strikes out looking
Batting: LHB Ted Cracknell 0-0: Ball
1-0: Ball
2-0: Reached on error, E2 (Groundball, 2R)
Steve Brewer to third
Batting: LHB Luis Robles 0-0: Ball
1-0: Called Strike
1-1: Swinging Strike
1-2: Fly out, F2 (Popup, 25F)
Bottom of the 3rd over - 0 run(s), 1 hit(s), 1 error(s), 2 left on base; Milton 6 - Warwick 2
TOP OF THE 4TH
Milton Bills batting - Pitching for Warwick Hunchbacks : RHP Lou Armstrong
Batting: LHB Lance Schiffer 0-0: Called Strike
0-1: Ball
1-1: Foul Ball, location: 2F
1-2: SINGLE (Line Drive, 6MD)
Batting: RHB Alden Wiley 0-0: Ball
1-0: Ball
2-0: Called Strike
2-1: Ball
3-1: Foul Ball, location: 2F
3-2: Foul Ball, location: 2F
3-2: Fly out, F6 (Popup, 6)
Batting: LHB David Hunt 0-0: Ball
1-0: Fly out, F8 (Flyball, 8LM)
Batting: RHB Shane Franklin 0-0: Called Strike
0-1: Called Strike
0-2: Ball
1-2: Ball
2-2: Ball
Lance Schiffer steals 2nd base
3-2: Base on Balls
Batting: LHB Johnny Hernández 0-0: Called Strike
0-1: Ball
1-1: Ball
2-1: SINGLE (Line Drive, 9LS)
Lance Schiffer to third
Shane Franklin to second
Runner from 3rd tries for Home, SAFE, no throw or cutoff
Batting: SHB Al Anderson 0-0: SINGLE (Line Drive, 8RS)
Shane Franklin to third
Johnny Hernández to second
Runner from 3rd tries for Home, SAFE, no throw or cutoff
Pitching: RHP Jorge Rivas
Batting: RHB Luis Silva 0-0: Called Strike
0-1: Ball
Johnny Hernández is caught stealing 3rd base
Top of the 4th over - 2 run(s), 3 hit(s), 0 error(s), 0 left on base; Milton 8 - Warwick 2
BOTTOM OF THE 4TH
Warwick Hunchbacks batting - Pitching for Milton Bills : RHP Louis McDowell
Batting: RHB Julián Rocha 0-0: Ball
1-0: Foul Ball, location: 2F
1-1: Ball
2-1: Ball
3-1: Base on Balls
Batting: RHB Octávio Castaneda 0-0: Called Strike
Julián Rocha steals 2nd base
0-1: Called Strike
0-2: Strikes out looking
Batting: RHB John Huff 0-0: Ball
1-0: Ball
2-0: Ball
3-0: Foul Ball, location: 2F
3-1: Fly out, F9 (Flyball, 9S)
Batting: LHB Dave Harris 0-0: Ball
1-0: Called Strike
1-1: Swinging Strike
1-2: Ball
2-2: Ball
3-2: Strikes out looking
Bottom of the 4th over - 0 run(s), 0 hit(s), 0 error(s), 1 left on base; Milton 8 - Warwick 2
TOP OF THE 5TH
Milton Bills batting - Pitching for Warwick Hunchbacks : RHP Jorge Rivas
Batting: RHB Luis Silva 0-0: Swinging Strike
0-1: Swinging Strike
0-2: Ball
1-2: Strikes out swinging
Batting: RHB Steve McLeod 0-0: Ball
1-0: Ball
2-0: SINGLE (Line Drive, 56D)
Batting: RHB Roberto Andrade 0-0: Called Strike
0-1: DOUBLE (Line Drive, 7LM)
Steve McLeod to third
Batting: LHB Lance Schiffer 0-0: Called Strike
0-1: Ball
1-1: Ball
2-1: Foul Ball, location: 2F
2-2: Ball
3-2: Strikes out swinging
Batting: RHB Alden Wiley 0-0: Ball
1-0: Ball
2-0: Ball
3-0: Called Strike
3-1: Foul Ball, location: 2F
3-2: Foul Ball, location: 2F
3-2: Foul Ball, location: 2F
3-2: Strikes out swinging
Top of the 5th over - 0 run(s), 2 hit(s), 0 error(s), 2 left on base; Milton 8 - Warwick 2
BOTTOM OF THE 5TH
Warwick Hunchbacks batting - Pitching for Milton Bills : RHP Louis McDowell
Batting: RHB Cliff Dixon 0-0: Swinging Strike
0-1: Ball
1-1: SINGLE (Groundball, 4MD)
Batting: RHB Steve Brewer 0-0: Called Strike
0-1: Swinging Strike
0-2: Ball
1-2: SINGLE (Line Drive, 4MD)
Cliff Dixon to second
Batting: RHB Jim Browning 0-0: Reached on error, E1 (Groundball, 15)
Cliff Dixon to third
Steve Brewer to second
Batting: LHB Ted Cracknell 0-0: Ball
1-0: Swinging Strike
1-1: Fly out, F5 (Popup, 15)
Batting: LHB Luis Robles 0-0: Foul Ball, location: 2F
0-1: Ball
1-1: Swinging Strike
1-2: Strikes out looking
Batting: RHB Julián Rocha 0-0: Swinging Strike
0-1: Ball
1-1: Called Strike
1-2: Strikes out swinging
Bottom of the 5th over - 0 run(s), 2 hit(s), 1 error(s), 3 left on base; Milton 8 - Warwick 2
TOP OF THE 6TH
Milton Bills batting - Pitching for Warwick Hunchbacks : RHP Jorge Rivas
Batting: LHB David Hunt 0-0: Swinging Strike
0-1: Foul Ball, location: 2F
0-2: Strikes out swinging
Batting: RHB Shane Franklin 0-0: Ball
1-0: Called Strike
1-1: Hit by Pitch
Batting: LHB Johnny Hernández 0-0: Ball
Wild Pitch!
Shane Franklin to second
1-0: Ball
2-0: Foul Ball, location: 2F
2-1: Ball
3-1: Foul Ball, location: 2F
3-2: Base on Balls
Batting: SHB Al Anderson 0-0: DOUBLE (Line Drive, 5D)
Shane Franklin scores
Johnny Hernández to third
Runner from 3rd tries for Home, SAFE, no throw or cutoff
Pitching: RHP Leroy Jackson
Batting: RHB Luis Silva 0-0: Called Strike
0-1: Foul Ball, location: 2F
0-2: Strikes out swinging
Batting: RHB Steve McLeod 0-0: Ball
1-0: Foul Ball, location: 2F
1-1: Ball
2-1: Foul Ball, location: 2F
2-2: Foul Ball, location: 2F
2-2: DOUBLE (Line Drive, 5)
Al Anderson scores
Batting: RHB Roberto Andrade 0-0: Ball
Wild Pitch!
Steve McLeod to third
1-0: Foul Ball, location: 2F
1-1: Swinging Strike
1-2: Ground out 5-3 (Groundball, 56S)
Top of the 6th over - 3 run(s), 2 hit(s), 0 error(s), 1 left on base; Milton 11 - Warwick 2
BOTTOM OF THE 6TH
Warwick Hunchbacks batting - Pitching for Milton Bills : RHP Louis McDowell
Batting: RHB Octávio Castaneda 0-0: Ball
1-0: Called Strike
1-1: Called Strike
1-2: Ground out 5-3 (Groundball, 56S)
Batting: RHB John Huff 0-0: Foul Ball, location: 2F
0-1: SINGLE (Line Drive, 8RS)
Batting: LHB Dave Harris 0-0: Called Strike
John Huff steals 2nd base
0-1: Called Strike
0-2: Ball
Passed Ball!
John Huff to third
1-2: Ball
2-2: Strikes out swinging
Pitching: LHP Manuel Gonzáles
Batting: RHB Cliff Dixon 0-0: Ball
1-0: Ground out 5-3 (Groundball, 56)
Bottom of the 6th over - 0 run(s), 1 hit(s), 0 error(s), 1 left on base; Milton 11 - Warwick 2
TOP OF THE 7TH
Milton Bills batting - Pitching for Warwick Hunchbacks : RHP Leroy Jackson
Batting: LHB Lance Schiffer 0-0: Ball
1-0: Foul Ball, location: 2F
1-1: Ball
2-1: Called Strike
2-2: Ball
3-2: Fly out, F7 (Flyball, 78M)
Batting: RHB Alden Wiley 0-0: Ball
1-0: Swinging Strike
1-1: Fly out, F4 (Popup, 4MD)
Batting: LHB David Hunt 0-0: Swinging Strike
0-1: Ball
1-1: SOLO HOME RUN (Flyball, 89XD), Distance : 388 ft
Batting: RHB Shane Franklin 0-0: Ball
1-0: Called Strike
1-1: Foul Ball, location: 2F
1-2: Strikes out swinging
Top of the 7th over - 1 run(s), 1 hit(s), 0 error(s), 0 left on base; Milton 12 - Warwick 2
BOTTOM OF THE 7TH
Warwick Hunchbacks batting - Pitching for Milton Bills : LHP Manuel Gonzáles
Batting: RHB Steve Brewer 0-0: Foul Ball, location: 2F
0-1: Ball
1-1: Fly out, F7 (Flyball, 78M)
Batting: RHB Jim Browning 0-0: Called Strike
0-1: Ball
1-1: Fly out, F6 (Popup, 6M)
Batting: LHB Ted Cracknell 0-0: Ball
1-0: Swinging Strike
1-1: Called Strike
1-2: Fly out, F8 (Flyball, 8RM)
Bottom of the 7th over - 0 run(s), 0 hit(s), 0 error(s), 0 left on base; Milton 12 - Warwick 2
TOP OF THE 8TH
Milton Bills batting - Pitching for Warwick Hunchbacks : RHP Leroy Jackson
Batting: LHB Johnny Hernández 0-0: Called Strike
0-1: Swinging Strike
0-2: Ball
1-2: Ball
2-2: Foul Ball, location: 2F
2-2: Ball
3-2: Base on Balls
Batting: SHB Al Anderson 0-0: Ball
Johnny Hernández is caught stealing 2nd base
1-0: Fly out, F6 (Popup, 56D)
Batting: RHB Luis Silva 0-0: Ground out 3-1 (Groundball, 34S)
Top of the 8th over - 0 run(s), 0 hit(s), 0 error(s), 0 left on base; Milton 12 - Warwick 2
BOTTOM OF THE 8TH
Warwick Hunchbacks batting - Pitching for Milton Bills : LHP Manuel Gonzáles
Batting: LHB Luis Robles 0-0: Ball
1-0: Foul Ball, location: 2F
1-1: Ground out 4-3 (Groundball, 4)
Batting: RHB Julián Rocha 0-0: Ball
1-0: Fly out, F7 (Flyball, 78M)
Batting: RHB Octávio Castaneda 0-0: Ball
1-0: Ball
2-0: Ball
3-0: Foul Ball, location: 2F
3-1: Swinging Strike
3-2: Foul Ball, location: 2F
3-2: Strikes out swinging
Bottom of the 8th over - 0 run(s), 0 hit(s), 0 error(s), 0 left on base; Milton 12 - Warwick 2
TOP OF THE 9TH
Milton Bills batting - Pitching for Warwick Hunchbacks : RHP Leroy Jackson
Pitching: RHP Jim Unknown
Batting: RHB Steve McLeod 0-0: Ball
1-0: Ground out 6-3 (Groundball, 6D)
Pinch Hitting: RHB Jim Unknown 0-0: Swinging Strike
0-1: Ball
1-1: Ball
2-1: SINGLE (Flyball, 8RS)
Batting: LHB Lance Schiffer 0-0: Called Strike
0-1: Called Strike
0-2: Foul Ball, location: 2F
0-2: Ball
1-2: Foul Ball, location: 2F
1-2: Ball
2-2: SINGLE (Groundball, 34)
Jim Unknown to second
Throwing error, E9
Jim Unknown scores
Lance Schiffer to second
Batting: RHB Alden Wiley 0-0: Ball
1-0: Ball
2-0: Foul Ball, location: 2F
2-1: Foul Ball, location: 2F
2-2: Strikes out looking
Batting: LHB David Hunt 0-0: DOUBLE (Line Drive, 78S)
Lance Schiffer scores
Batting: RHB Shane Franklin 0-0: Called Strike
0-1: Swinging Strike
0-2: Foul Ball, location: 2F
0-2: Ball
1-2: Strikes out swinging
Top of the 9th over - 2 run(s), 3 hit(s), 1 error(s), 1 left on base; Milton 14 - Warwick 2
BOTTOM OF THE 9TH
Warwick Hunchbacks batting - Pitching for Milton Bills : LHP Manuel Gonzáles
Now at 3B: Orlando Trevino
Batting: RHB John Huff 0-0: Foul Ball, location: 2F
0-1: Foul Ball, location: 2F
0-2: Hit by Pitch
Batting: LHB Dave Harris 0-0: Ball
1-0: Fly out, F7 (Flyball, 7LS)
Batting: RHB Cliff Dixon 0-0: Foul Ball, location: 2F
0-1: Ball
1-1: Ball
2-1: Ball
3-1: Base on Balls
John Huff to second
Batting: RHB Steve Brewer 0-0: Ball
1-0: Ball
2-0: Ball
3-0: Called Strike
3-1: Base on Balls
John Huff to third
Cliff Dixon to second
Batting: RHB Jim Browning 0-0: Swinging Strike
0-1: Swinging Strike
0-2: Ball
1-2: Foul Ball, location: 2F
1-2: Grounds into double play, 6-4-3 (Groundball, 6M)
Bottom of the 9th over - 0 run(s), 0 hit(s), 0 error(s), 2 left on base; Milton 14 - Warwick 2
This league is powered by Out of the Park Baseball, the baseball management simulation game for PC, Mac and Linux
Monday, May 4th, 2015 - OOTP Baseball 15.6 Build 34